 Dungeon Crawl Stone Soup version 0.25-a0-940-gc6eaff51cc (webtiles) character file.

Game seed: 11494529590490086917, levelgen mode: deterministic

52343 HoaS the Brawler (level 14, -21/150 HPs)
             Began as a Gargoyle Berserker on May 5, 2020.
             Was a High Priest of Trog.
             Demolished by an orc warlord
             ... wielding a +3 antimagic war axe
              (45 damage)
             ... on level 2 of the Orcish Mines.
             The game lasted 00:49:28 (20779 turns).

HoaS the Brawler (Gargoyle Berserker)              Turns: 20779, Time: 00:49:29

Health: -21/150    AC: 28    Str: 23    XL:     14   Next: 63%
Magic:  5/14       EV: 11    Int: 10    God:    Trog [*****.]
Gold:   3964       SH:  0    Dex: 10    Spells: 13/13 levels left

rFire    . . .     SeeInvis .     - Unarmed
rCold    . . .     Gourm    .   (no shield)
rNeg     + . .     Faith    .   D - quicksilver dragon scales
rPois    ∞         Spirit   .   u - +2 hat
rElec    +         Reflect  .   p - +0 cloak
rCorr    .         Harm     .   m - +1 pair of gloves
MR       ++++.                  (no boots)
Stlth    ..........             (no amulet)
HPRegen  1.35/turn              o - ring of Ruerreis {rElec Stlth+}
MPRegen  0.14/turn              C - +1 ring of slaying

@: berserking, flying, starving, regenerating, studying Armour, very quick
A: big wings, negative energy resistance 1, electricity resistance, unbreathing,
petrification resistance, rot immunity, AC +10
a: Stop Flying, Berserk, Trog's Hand, Brothers in Arms, Renounce Religion


You were on level 2 of the Orcish Mines.
You worshipped Trog.
Trog was extremely pleased with you.
You were starving.

You visited 3 branches of the dungeon, and saw 18 of its levels.

You collected 4279 gold pieces.
You spent 315 gold pieces at shops.

Inventory:

Missiles
 n - 29 poisoned darts (quivered)
 K - 8 atropa-tipped darts
Armour
 m - a +1 pair of gloves (worn)
 p - a +0 cloak (worn)
 r - a +0 plate armour
 u - a +2 hat (worn)
 D - quicksilver dragon scales (worn)
Jewellery
 a - an uncursed ring of fire
 o - the ring of Ruerreis (left hand) {rElec Stlth+}
   (You found it on level 5 of the Dungeon)

   [ring of stealth]

   It insulates you from electricity.
   It makes you more stealthy.
 C - a +1 ring of slaying (right hand)
Wands
 j - a wand of digging (5)
 k - a wand of polymorph (8)
 s - a wand of iceblast (24)
 v - a wand of paralysis (18)
 N - a wand of disintegration (9)
Scrolls
 d - 7 scrolls of remove curse
 h - 2 scrolls of blinking
 t - a scroll of identify
 y - 10 scrolls of teleportation
 A - 3 scrolls of enchant armour
 E - a scroll of fog
 H - a scroll of fear
 J - a scroll of summoning
Potions
 c - 12 potions of curing
 e - 9 potions of stabbing
 f - 3 potions of lignification
 g - 2 potions of magic {unknown}
 i - a potion of flight {unknown}
 l - 4 potions of haste {unknown}
 q - 3 potions of degeneration {unknown}
 w - 3 potions of brilliance {unknown}
 x - 3 potions of might {unknown}
 z - 2 potions of cancellation {unknown}
 F - 2 potions of berserk rage {unknown}
 I - a potion of ambrosia {unknown}
 L - a potion of mutation {unknown}
 M - 2 potions of heal wounds {unknown}
Books
 B - a manual of Armour
Comestibles
 b - 29 rations


   Skills:
 + Level 16.5 Fighting
 - Level 9.0 Armour
 - Level 1.5 Dodging
 - Level 18.0 Unarmed Combat


You had 13 spell levels left.
You didn't know any spells.
Your spell library was empty.

Dungeon Overview and Level Annotations

Branches:
Dungeon (10/15)            Temple (0/1) D:7            Lair (6/6) D:10
 Shoals (0/4) Lair:2       Spider (0/4) Lair:4        Slime (0/5) Lair:6
    Orc (2/2) D:10            Elf (0/3) Orc:2

Altars:
Dithmenos
Kikubaaqudgha
Makhleb
Nemelex Xobeh
Ru
Yredelemnul
Beogh
Jiyva

Shops:
D:6 [   D:7 (   Orc:2 (*

Annotations:
D:7 1 runed translucent door, emiel's ghost, novice DDFi
Lair:2 exclusion: 5 oklob plants
Lair:5 exclusion: oklob plant


Innate Abilities, Weirdness & Mutations

You are resistant to torment.
Your stone body is resilient. (AC +10)
You are immune to poison.
Your large and strong wings let you fly indefinitely.
You resist negative energy. (rN+)
You are resistant to electric shocks. (rElec)
You can survive without breathing.
You are immune to petrification.
You are immune to rotting.


Message History

The orc knight hits you with a +0 battleaxe!
* * * LOW HITPOINT WARNING * * *
The orc knight hits your troll with a +0 battleaxe!
Your troll dies!
Your troll's corpse disappears in a puff of smoke!
A red film seems to cover your vision as you go berserk!
You feel yourself moving faster!
You feel mighty!
You are starving!
The orc warrior hits you but does no damage.
The orc warlord barely misses you.
The ogre hits you with a cursed +0 giant club.
* * * LOW HITPOINT WARNING * * *
You hit the orc warlord.
The orc warlord is heavily wounded.
The orc knight hits you but does no damage.
The orc warrior hits you but does no damage.
You punch the orc warlord!
The orc warlord is heavily wounded.
The orc warlord hits you with a +3 antimagic war axe!!!
You die...

#..................###...
#........)..........#....
####....[.O..[[[o.........#
#.......[.##.[.).........##
##......∩..###..[..........#
#.........## ###..........##
##........o### ##.......###
#......§.o#.####......##
##......TO@)..#.......#
#...##...o............#
##.#................###
####.#............##
###.#.........###
#............#.### ..
##...............##...
##...........##....#...
######.....[(.......#..##...


You could see an orc warlord, an orc knight, a troll, an orc warrior and an
ogre.

Vanquished Creatures
  Gastronok (Lair:2)
  An orc warlord (D:10)
  A fire dragon (Lair:6)
  8 hydras
  3 centaur warriors (D:9)
  An orc high priest (Orc:2)
  Nergalle (Lair:2)
  A fire crab (Lair:6)
  An unseen horror (D:10)
  2 orc knights
  A deep elf mage (D:9)
  2 lindwurms
  3 orc sorcerers
  A manticore (Lair:2)
  5 black mambas
  A gargoyle (D:10)
  4 torpor snails
  14 spiny frogs
  A rime drake (Lair:1)
  6 komodo dragons
  A yaktaur (D:10)
  A tengu conjurer (D:9)
  A queen bee (D:8)
  3 tyrant leeches (Lair:6)
  2 trolls
  4 hornets (Lair:6)
  Prince Ribbit (D:7)
  4 blink frogs
  3 dream sheep
  5 hippogriffs
  48 yaks
  3 wyverns (Lair:4)
  A vampire mosquito (D:10)
  3 basilisks
  2 hungry ghosts
  14 porcupines
  20 orc warriors
  2 sky beasts
  12 water moccasins
  5 black bears
  2 ice beasts
  5 necrophages (Lair:2)
  2 phantoms (D:6)
  4 centaurs
  2 ogres
  16 crocodiles
  A big kobold (D:7)
  21 bullfrogs
  A wyvern skeleton (D:6)
  9 scorpions
  19 killer bees
  3 howler monkeys
  A centaur zombie (D:8)
  8 crimson imps
  A bullfrog zombie (D:7)
  A quasit (D:7)
  20 orc priests
  8 jellies
  Crazy Yiuf (D:2)
  7 hounds
  13 orc wizards
  A gnoll shaman (D:4)
  7 iguanas
  Ijyb (D:3)
  9 worker ants
  A worker ant zombie (D:6)
  8 adders
  12 gnolls
  A howler monkey skeleton (D:5)
  2 shadow imps
  14 oozes (Lair:2)
  2 adder skeletons
  2 worms
  2 dart slugs
  7 leopard geckos
  77 orcs
  14 giant cockroaches
  2 gnoll zombies (D:6)
  10 goblins
  6 hobgoblins
  7 jackals
  8 kobolds
  6 quokkas
  A ball python (D:1)
  3 bats
  15 frilled lizards
  A jackal skeleton (D:5)
  A leopard gecko skeleton (D:4)
  4 rats
  A butterfly (Lair:1)
  2 plants (Lair:6)
565 creatures vanquished.

Vanquished Creatures (collateral kills)
  2 torpor snails (Lair:6)
  A tyrant leech (Lair:6)
  3 hornets (Lair:6)
6 creatures vanquished.

Vanquished Creatures (others)
  24 fungi
  5 plants
29 creatures vanquished.

Grand Total: 600 creatures vanquished

Notes
Turn   | Place    | Note
-------+----------+-------------------------------------------
     0 | D:1      | HoaS the Gargoyle Berserker began the quest for the Orb.
     0 | D:1      | Reached XP level 1. HP: 14/14 MP: 1/1
   250 | D:1      | Reached XP level 2. HP: 10/19 MP: 2/2
   905 | D:1      | Reached XP level 3. HP: 24/24 MP: 3/3
  1465 | D:2      | Reached skill level 4 in Unarmed Combat
  1472 | D:2      | Reached ** piety under Trog
  1751 | D:2      | HP: 1/36 [gnoll/+0 flail (6)]
  1752 | D:2      | Reached XP level 4. HP: 1/29 MP: 4/4
  2097 | D:2      | Found a burning altar of Makhleb.
  2283 | D:2      | Found a runed translucent door.
  2284 | D:2      | Noticed Crazy Yiuf
  2407 | D:2      | Found a faded altar of an unknown god.
  2667 | D:2      | Killed Crazy Yiuf
  2667 | D:2      | Reached XP level 5. HP: 31/34 MP: 5/5
  2785 | D:3      | Noticed Ijyb
  2804 | D:3      | Killed Ijyb
  2804 | D:3      | Reached skill level 5 in Unarmed Combat
  3345 | D:4      | Reached XP level 6. HP: 32/40 MP: 6/6
  3417 | D:4      | Reached *** piety under Trog
  3417 | D:4      | Reached skill level 5 in Fighting
  3442 | D:4      | Found a sparkling altar of Nemelex Xobeh.
  3610 | D:4      | Reached skill level 6 in Unarmed Combat
  3663 | D:4      | Found a sacrificial altar of Ru.
  3976 | D:4      | Reached XP level 7. HP: 36/44 MP: 7/7
  4506 | D:5      | Entered Level 5 of the Dungeon
  4738 | D:5      | Reached skill level 7 in Unarmed Combat
  5485 | D:5      | Reached XP level 8. HP: 52/52 MP: 8/8
  5493 | D:5      | Got a slimy copper ring
  5494 | D:5      | Identified the ring of Ruerreis {rElec Stlth+} (You found
                  | it on level 5 of the Dungeon)
  5609 | D:5      | Reached **** piety under Trog
  5659 | D:5      | Reached skill level 8 in Unarmed Combat
  6286 | D:6      | Found a shadowy altar of Dithmenos.
  6334 | D:6      | Found Ulysoq's Antique Armour Emporium.
  6624 | D:6      | Reached skill level 9 in Unarmed Combat
  6962 | D:6      | Found a basalt altar of Yredelemnul.
  7072 | D:7      | Reached XP level 9. HP: 59/59 MP: 9/9
  7095 | D:7      | Paralysed by an orc for 4 turns
  7111 | D:7      | Reached skill level 10 in Unarmed Combat
  7285 | D:7      | Found a runed translucent door.
  7287 | D:7      | Noticed emiel's ghost (novice DDFi)
  7879 | D:7      | Found a staircase to the Ecumenical Temple.
  7885 | D:7      | Noticed Prince Ribbit
  7901 | D:7      | Killed Prince Ribbit
  7901 | D:7      | Reached skill level 11 in Unarmed Combat
  7925 | D:7      | Found Tussa's Weapon Shoppe.
  8515 | D:8      | Reached XP level 10. HP: 66/66 MP: 10/10
  8608 | D:8      | Got a coiled tin amulet
  8688 | D:7      | Reached skill level 12 in Unarmed Combat
  9059 | D:8      | Found an ancient bone altar of Kikubaaqudgha.
  9068 | D:8      | Reached skill level 10 in Fighting
  9545 | D:9      | Identified the amulet "Vosas" {+Rage Int+4} (You found it
                  | on level 8 of the Dungeon)
  9614 | D:9      | Reached ***** piety under Trog
  9671 | D:9      | Noticed a centaur warrior
  9671 | D:9      | Noticed a centaur warrior
  9672 | D:9      | Noticed a deep elf mage
  9682 | D:9      | Killed a centaur warrior
  9689 | D:9      | Killed a deep elf mage
  9694 | D:9      | Killed a centaur warrior
  9807 | D:9      | Reached XP level 11. HP: 76/76 MP: 11/11
  9892 | D:9      | Noticed a centaur warrior
  9899 | D:9      | Killed a centaur warrior
  9963 | D:9      | Noticed an orc knight
  9987 | D:9      | Killed an orc knight
 10185 | D:9      | Noticed a six-headed hydra
 10185 | D:9      | Noticed a seven-headed hydra
 10195 | D:9      | Killed a seven-headed hydra
 10200 | D:9      | Killed a six-headed hydra
 10200 | D:9      | Reached skill level 13 in Unarmed Combat
 10503 | D:10     | Entered Level 10 of the Dungeon
 10636 | D:10     | Noticed a seven-headed hydra
 10650 | D:10     | Killed a seven-headed hydra
 10838 | D:10     | Killed an unseen horror
 11101 | D:10     | Found a staircase to the Lair.
 11132 | D:10     | Reached skill level 14 in Unarmed Combat
 11393 | D:10     | Found a staircase to the Orcish Mines.
 11435 | D:10     | Reached XP level 12. HP: 76/84 MP: 12/12
 11949 | Lair:1   | Entered Level 1 of the Lair of Beasts
 12415 | Lair:1   | Noticed a four-headed hydra
 12427 | Lair:1   | Killed a four-headed hydra
 12466 | Lair:1   | Reached skill level 15 in Unarmed Combat
 13247 | Lair:2   | Noticed Nergalle
 13265 | Lair:2   | Killed Nergalle
 13846 | Lair:2   | Found a staircase to the Shoals.
 14205 | Lair:2   | Noticed Gastronok
 14229 | Lair:2   | Killed Gastronok
 14229 | Lair:2   | Reached skill level 16 in Unarmed Combat
 14229 | Lair:2   | Reached XP level 13. HP: 91/91 MP: 13/13
 14716 | Lair:3   | Identified a scroll of acquirement
 14716 | Lair:3   | Identified the amulet "Podghoke" {Faith rPois rC- Slay-3
                  | SInv} (You acquired it on level 3 of the Lair of Beasts)
 14716 | Lair:3   | Identified the +5 hunting sling "Haovid" {freeze, rN+ MR+
                  | Dex+4} (You acquired it on level 3 of the Lair of Beasts)
 15591 | Lair:3   | Reached skill level 15 in Fighting
 15729 | Lair:4   | Reached skill level 5 in Armour
 15983 | Lair:4   | Found a hole to the Spider Nest.
 16042 | Lair:4   | Reached ****** piety under Trog
 16075 | Lair:4   | Received a gift from Trog
 16162 | Lair:4   | You fall into a shaft and drop 2 floors!
 16162 | Lair:6   | Entered Level 6 of the Lair of Beasts
 16181 | Lair:6   | Reached skill level 17 in Unarmed Combat
 17246 | Lair:5   | Gained mutation: Your large and strong wings let you fly
                  | indefinitely. [Gargoyle growth]
 17246 | Lair:5   | Reached XP level 14. HP: 90/98 MP: 14/14
 17480 | Lair:6   | Found a viscous altar of Jiyva.
 17480 | Lair:6   | Found a staircase to the Slime Pits.
 18011 | Lair:6   | Got a wavering turquoise ring
 18013 | Lair:6   | Identified the cursed ring of Thoughtfulness {rF+ MR+ AC-2}
                  | (You found it on level 6 of the Lair of Beasts)
 18357 | Lair:6   | Found a runed translucent door.
 19265 | Orc:1    | Entered Level 1 of the Orcish Mines
 19306 | Orc:1    | Reached skill level 18 in Unarmed Combat
 19325 | Orc:1    | Noticed an orc warlord
 19359 | D:10     | Killed an orc warlord
 19691 | D:10     | Received a gift from Trog
 19974 | Orc:2    | Entered Level 2 of the Orcish Mines
 19974 | Orc:2    | Found Arezec's Antique Weapon Boutique.
 19977 | Orc:2    | Found a roughly hewn altar of Beogh.
 20071 | Orc:2    | Found Yforaxol's Assorted Antiques.
 20090 | Orc:2    | Bought a scroll of enchant armour for 225 gold pieces
 20090 | Orc:2    | Bought a scroll of teleportation for 90 gold pieces
 20377 | Orc:2    | Found a staircase to the Elven Halls.
 20732 | Orc:2    | Noticed an orc warlord
 20779 | Orc:2    | Demolished by an orc warlord

Levels and vault maps discovered:
D:1:      lightli_molten_gateway, layout_basic
D:2:      layout_basic, bloody_makhleb, chequers_ecumenical_altar_simple,
          nrook_mini_vaults, minmay_lizard_pond, uniq_crazy_yiuf_cottage
D:3:      layout_rooms, uniq_ijyb
D:4:      layout_basic, nemelex_xobeh_ov_fountains_minmay,
          nicolae_ru_great_annihilating_truth, serial_curves, eino_curves_04,
          eino_curves_04, first_ration
D:5:      layout_loops_cross, gup_sewer_entry_pipe
D:6:      layout_gridville, old_standard_altar, lemuel_zombie_altar_yredelemnul,
          serial_shops, nicolae_shop_statue_plus
D:7:      hangedman_cross_stitches, layout_rooms, minmay_temple_entry_grid,
          ebering_ghost_inner_flame, serial_shops, nicolae_shop_statue_plus,
          uniq_prince_ribbit1
D:8:      layout_cave_pools, kiku_gazebo_pond_becter, david_nohive_1
D:9:      minmay_sliced_demisemicircle, layout_cave_pools
D:10:     minmay_the_grid_3x2 [minmay_the_grid_rooms, minmay_the_grid_gridbox,
          minmay_the_grid_holed_spiral, minmay_the_grid_all_tris,
          minmay_the_grid_minigrid_medium,
          minmay_the_grid_prize_four_corners_diamond_a], layout_basic,
          due_lair_maze_entry_diamond, minmay_strange_pillars
Lair:1:   layout_loops_ring, lemuel_fruit_fields
Lair:2:   lemuel_slime, layout_hall_layers, minmay_shoals_entry_beasts,
          roderic_carrion_pond, grunt_megastairs_4, minmay_lair_oklob_chamber,
          uniq_sonja, uniq_gastronok, uniq_nergalle
Lair:3:   layout_chaotic_city
Lair:4:   layout_loops_ring, nicolae_spider_entry_non_spiders,
          beast_lair_carwin_9
Lair:5:   layout_long_grid, minmay_lair_oklob_bushes, lemuel_fruit_fields
Lair:6:   wormcave, layout_hall_layers, slime_altar_1
Orc:1:    layout_caves, minmay_orc_barracks
Orc:2:    grunt_orc_cross, layout_diamond_mine, serial_shops, bzr_firewalk,
          shop, nicolae_shop_crystal, shop_statue, basic_altar

Skill      XL: |  1  2  3  4  5  6  7  8  9 10 11 12 13 14 |
---------------+-------------------------------------------+-----
Unarmed Combat | 4 5 6 7 9 11 12 14 16 17 18 | 18.0
Fighting       | 4 5 6 7 9 12 13 14 15 16 | 16.5
Armour         | 6 9 |  9.0
Dodging        | |  1.5

Action                   |  1- 3 |  4- 6 |  7- 9 | 10-12 | 13-15 || total
-------------------------+-------+-------+-------+-------+-------++-------
Melee: Unarmed           |   166 |   258 |   559 |   652 |   741 ||  2376
       Punch             |     3 |     5 |    10 |    31 |    65 ||   114
Invok: Berserk           |     1 |       |     2 |     4 |     2 ||     9
       Trog's Hand       |       |       |     3 |     5 |     3 ||    11
       Brothers in Arms  |       |       |       |     1 |     3 ||     4
 Abil: Fly               |       |       |       |       |     1 ||     1
  Use: Scroll            |       |    10 |     1 |     5 |     3 ||    19
       Potion            |       |       |       |       |     3 ||     3
 Stab: Paralysed         |       |     1 |       |       |       ||     1
       Distracted        |       |       |       |       |     1 ||     1
       Sleeping          |       |       |       |       |     1 ||     1
  Eat: Chunk             |     3 |     8 |    15 |    18 |    25 ||    69
       Ration            |       |       |     1 |     2 |       ||     3
Armor: Animal skin       |    26 |       |       |       |       ||    26
       Chain mail        |    27 |    39 |       |       |       ||    66
       Plate armour      |       |   163 |   547 |   529 |    12 ||  1251
       Quicksilver drago |       |       |       |       |   348 ||   348
Dodge: Dodged            |    68 |    92 |   232 |   246 |   296 ||   934

Table legend:
 A = Non-vault XP
 B = Vault XP
 C = Vault XP percentage of total XP
 D = Non-vault monster count
 E = Vault monster count
 F = Vault count percentage of total count
                 A         B        C        D         E       F
            +---------+---------+-------+---------+---------+-------
      Total |   45453 |   29324 |  39.2 |     393 |     175 |  30.8
            +---------+---------+-------+---------+---------+-------
        D:1 |      39 |       0 |   0.0 |      22 |       0 |   0.0
        D:2 |      98 |      53 |  35.1 |      20 |      13 |  39.4
        D:3 |      73 |      36 |  33.0 |      14 |       1 |   6.7
        D:4 |     360 |      19 |   5.0 |      22 |       4 |  15.4
        D:5 |     708 |      19 |   2.6 |      34 |       7 |  17.1
        D:6 |     914 |       4 |   0.4 |      23 |       2 |   8.0
        D:7 |    1181 |    1032 |  46.6 |      26 |      14 |  35.0
        D:8 |     828 |     752 |  47.6 |      11 |       8 |  42.1
        D:9 |     613 |    6418 |  91.3 |      11 |       9 |  45.0
       D:10 |    3170 |    6535 |  67.3 |      32 |      33 |  50.8
     Lair:1 |    4120 |       0 |   0.0 |      17 |       0 |   0.0
     Lair:2 |    4134 |    6136 |  59.7 |      16 |      34 |  68.0
     Lair:3 |    6606 |       0 |   0.0 |      30 |       0 |   0.0
     Lair:4 |    6116 |    1344 |  18.0 |      22 |      14 |  38.9
     Lair:5 |    4305 |       0 |   0.0 |      14 |       0 |   0.0
     Lair:6 |    6363 |    6105 |  49.0 |      22 |      18 |  45.0
      Orc:1 |    1821 |     702 |  27.8 |      11 |      16 |  59.3
      Orc:2 |    4004 |     169 |   4.0 |      46 |       2 |   4.2
            +---------+---------+-------+---------+---------+-------
